[Event "Titled Tuesday Blitz March 07 Late 2023"]
[White "Carlsen, Magnus"]
[Black "Svane, Frederik"]
[WhiteFideId "1503014"]
[BlackFideId "12923044"]
[WhiteElo "2852"]
[BlackElo "2502"]
[Result "1-0"]
[Round "04"]
[TimeControl "180+2"]
[Date "2023.03.07"]
[WhiteClock "0:01:22"]
[BlackClock "0:00:18"]

1. c4 e5 2. g3 Nf6 3. Bg2 Bc5 4. d3 O-O 5. Nf3 d6 6. O-O Nc6 7. Nc3 Nd4 8. Nd2 a6 9. e3 Nf5 10. Qe2 c6 11. Nde4 Nxe4 12. dxe4 Ne7 13. Rd1 Qc7 14. Na4 Ba7 15. b3 b5 16. Nb2 Be6 17. Bd2 Rfd8 18. Rac1 Qb7 19. Ba5 Bb6 20. Qd2 Bxa5 21. Qxa5 c5 22. Qc3 b4 23. Qc2 a5 24. Rd2 Qc7 25. Rcd1 Nc8 26. h4 Nb6 27. Kh2 Rd7 28. Bh3 Qc6 29. Bxe6 fxe6 30. f4 exf4 31. exf4 a4 32. Re2 axb3 33. axb3 Ra2 34. Qb1 Ra3 35. Nd3 Rda7 36. Nf2 h6 37. Red2 Nc8 38. e5 dxe5 39. Ng4 1-0


[Site "https://www.chess.com"]

[Event "Titled Tuesday Blitz March 07 Late 2023"]
[White "Yu, Yangyi"]
[Black "Martinez Alcantara, Jose Eduardo"]
[WhiteFideId "8603820"]
[BlackFideId "3805662"]
[WhiteElo "2783"]
[BlackElo "2712"]
[Result "0-1"]
[Round "04"]
[TimeControl "180+2"]
[Date "2023.03.07"]
[WhiteClock "0:00:02"]
[BlackClock "0:00:28"]

1. Nf3 c5 2. g3 Nc6 3. Bg2 g6 4. c4 Bg7 5. O-O d6 6. Nc3 e6 7. e3 Nge7 8. d4 O-O 9. Re1 Nf5 10. d5 Na5 11. Bf1 Ne7 12. e4 e5 13. a3 b6 14. b4 Nb7 15. Rb1 h6 16. Nh4 Bd7 17. Bd2 Rc8 18. Bd3 Kh8 19. Qe2 Qe8 20. Nb5 Bxb5 21. cxb5 Ng8 22. Rec1 Qe7 23. Rc2 h5 24. Nf5 Qd7 25. Nxg7 Kxg7 26. Rbc1 Rc7 27. f4 Rfc8 28. fxe5 dxe5 29. Kg2 f6 30. Be3 Nh6 31. h3 Nf7 32. bxc5 Nxc5 33. Bxc5 Rxc5 34. Rxc5 bxc5 35. Qe3 Qc7 36. Be2 Nd6 37. a4 c4 38. Bf3 Qb6 39. Qxb6 axb6 40. Kf2 Ra8 41. Ra1 Nxb5 42. Rb1 Nd4 43. Rxb6 c3 44. Rb7+ Kh6 45. Rc7 c2 46. Be2 Rxa4 47. Bd3 Ra2 48. Ke3 Ra3 0-1


[Site "https://www.chess.com"]

[Event "Titled Tuesday Blitz March 07 Late 2023"]
[White "Maksimovic, Bojan"]
[Black "Vachier-Lagrave, Maxime"]
[WhiteFideId "14408120"]
[BlackFideId "623539"]
[WhiteElo "2468"]
[BlackElo "2740"]
[Result "1/2-1/2"]
[Round "04"]
[TimeControl "180+2"]
[Date "2023.03.07"]
[WhiteClock "0:00:05"]
[BlackClock "0:00:08"]

1. Nf3 d5 2. g3 g6 3. Bg2 Bg7 4. O-O e5 5. d3 Ne7 6. Nbd2 O-O 7. e4 Nbc6 8. Re1 Re8 9. c3 a5 10. b3 h6 11. Qc2 Be6 12. a3 Qd7 13. Bb2 Bh3 14. b4 Bxg2 15. Kxg2 Rad8 16. Nb3 b6 17. b5 Na7 18. a4 c5 19. c4 d4 20. Nbd2 Nac8 21. Re2 Nd6 22. Rae1 Rf8 23. Bc1 Rde8 24. Kh1 Qb7 25. Kg1 Kh8 26. Nh4 g5 27. Ng2 Ng6 28. Rf1 f5 29. exf5 Rxf5 30. Ne4 Nxe4 31. Rxe4 Ref8 32. h4 gxh4 33. Nxh4 Nxh4 34. Rxh4 R8f6 35. f4 Rg6 36. Kh2 Bf6 37. Rh3 Qg7 38. Qg2 exf4 39. Rxf4 Re5 40. Re4 Kg8 41. Bf4 Rxe4 42. Qxe4 Bg5 43. Qd5+ Kh7 44. Qe4 Bxf4 45. gxf4 Kh8 46. Qe8+ Kh7 47. Qe4 Qc7 48. Rg3 Qf7 49. f5 Rxg3 50. Kxg3 Qf6 51. Kf4 Qh4+ 52. Ke5 Qxe4+ 53. Kxe4 Kg7 54. Ke5 Kf7 55. f6 h5 56. Kf5 h4 57. Kg4 Kxf6 58. Kxh4 Kf5 59. Kg3 Kg5 60. Kf3 Kf5 61. Kg3 Kg5 62. Kf3 Kf5 63. Kg3 1/2-1/2


[Site "https://www.chess.com"]

[Event "Titled Tuesday Blitz March 07 Late 2023"]
[White "Duda, Jan-Krzysztof"]
[Black "Dardha, Daniel"]
[WhiteFideId "1170546"]
[BlackFideId "240990"]
[WhiteElo "2790"]
[BlackElo "2581"]
[Result "1-0"]
[Round "04"]
[TimeControl "180+2"]
[Date "2023.03.07"]
[WhiteClock "0:01:08"]
[BlackClock "0:00:05"]

1. d4 Nf6 2. Nf3 b6 3. Nc3 Bb7 4. Bg5 e6 5. e4 Bb4 6. e5 h6 7. Bh4 g5 8. Nxg5 hxg5 9. Bxg5 Be7 10. exf6 Bxf6 11. Bxf6 Qxf6 12. Nb5 Na6 13. Qd2 O-O-O 14. Nxa7+ Kb8 15. Nb5 Rdg8 16. f3 Bxf3 17. Qf2 Nb4 18. gxf3 Qh6 19. f4 Rg4 20. O-O-O Rxf4 21. Qd2 Nd5 22. Bc4 Nf6 23. Rhf1 Rxf1 24. Rxf1 Qxd2+ 25. Kxd2 Rxh2+ 26. Kc1 Rh6 27. Bd3 Kc8 28. a4 Kd8 29. b3 c6 30. Nd6 Ke7 31. Nc8+ Kd8 32. Nxb6 Kc7 33. a5 d5 34. Kb2 Kd6 35. a6 Nd7 36. Nc8+ Kc7 37. a7 Kb7 38. Rxf7 1-0


[Site "https://www.chess.com"]

[Event "Titled Tuesday Blitz March 07 Late 2023"]
[White "Movahed, Sina"]
[Black "Fedoseev, Vladimir"]
[WhiteFideId "42520835"]
[BlackFideId "24130737"]
[WhiteElo "2225"]
[BlackElo "2752"]
[Result "0-1"]
[Round "04"]
[TimeControl "180+2"]
[Date "2023.03.07"]
[WhiteClock "0:00:17"]
[BlackClock "0:00:44"]

1. e4 c5 2. Nf3 d6 3. d4 cxd4 4. Nxd4 Nf6 5. Nc3 a6 6. Bg5 e6 7. f4 h6 8. Bh4 Qb6 9. a3 Nbd7 10. Bf2 Qc7 11. Qe2 b5 12. O-O-O Bb7 13. g4 g5 14. f5 e5 15. Nb3 h5 16. gxh5 Nxh5 17. Kb1 Nf4 18. Qe1 Nf6 19. h4 g4 20. Rg1 Be7 21. Bd3 Rc8 22. Be3 Kf8 23. Bxf4 exf4 24. Qd2 f3 25. Qf4 Qb6 26. h5 Rxh5 27. Rxg4 Nxg4 28. Qxg4 Rh4 29. Qg3 Bf6 30. Bxb5 axb5 31. Rxd6 Rg4 32. Rxb6 Rxg3 33. Rxf6 f2 34. Nd2 Rd8 35. Ne2 Rg1+ 0-1


[Site "https://www.chess.com"]

[Event "Titled Tuesday Blitz March 07 Late 2023"]
[White "Zhigalko, Sergei"]
[Black "Bortnyk, Olexandr"]
[WhiteFideId "13502956"]
[BlackFideId "14120828"]
[WhiteElo "2626"]
[BlackElo "2734"]
[Result "1/2-1/2"]
[Round "04"]
[TimeControl "180+2"]
[Date "2023.03.07"]
[WhiteClock "0:00:08"]
[BlackClock "0:00:24"]

1. e4 Nf6 2. e5 Nd5 3. d4 d6 4. Nf3 dxe5 5. Nxe5 c6 6. Be2 Bf5 7. O-O Nd7 8. Nf3 e6 9. c4 N5f6 10. Bf4 Be7 11. Nc3 O-O 12. Nh4 Bg6 13. Nxg6 hxg6 14. a3 Qa5 15. Re1 Rad8 16. Qb3 b6 17. Rad1 e5 18. dxe5 Nxe5 19. Qc2 Rxd1 20. Bxd1 Nfd7 21. Bxe5 Nxe5 22. b4 Qxa3 23. Rxe5 Bxb4 24. Nb1 Qa1 25. Re3 a5 26. g3 Rd8 27. Kg2 a4 28. Bf3 a3 29. Nxa3 Bxa3 30. Qa4 Bb2 31. Qxa1 Bxa1 32. Bxc6 Bd4 33. Rd3 Kf8 34. h4 Ke7 35. f4 f6 36. Bb5 Bc5 37. Rxd8 Kxd8 38. Kf3 g5 39. fxg5 fxg5 40. hxg5 Ke7 41. g4 Ke6 42. Ke4 Be7 43. g6 Bc5 44. Be8 Ke7 45. Bf7 Kf6 46. Kf4 Bd6+ 47. Ke4 Bc5 48. Kf4 Bd6+ 49. Ke4 Bc5 1/2-1/2


[Site "https://www.chess.com"]

[Event "Titled Tuesday Blitz March 07 Late 2023"]
[White "Hakobyan, Aram"]
[Black "Yuan, Qingyu"]
[WhiteFideId "13306677"]
[BlackFideId "8609772"]
[WhiteElo "2563"]
[BlackElo "2359"]
[Result "1/2-1/2"]
[Round "04"]
[TimeControl "180+2"]
[Date "2023.03.07"]
[WhiteClock "0:00:07"]
[BlackClock "0:00:08"]

1. d4 d5 2. Nf3 Nf6 3. c3 c5 4. Bf4 Nc6 5. e3 cxd4 6. exd4 Bf5 7. Nbd2 e6 8. Bb5 Bd6 9. Bxd6 Qxd6 10. O-O O-O 11. Re1 Qc7 12. h3 h6 13. Nf1 Ne4 14. Bd3 Rab8 15. Ne3 Bh7 16. a4 Nf6 17. Bxh7+ Kxh7 18. Ng4 Ne4 19. Nge5 Nxe5 20. Nxe5 Kg8 21. Nd3 b6 22. Re3 a5 23. Ne5 b5 24. axb5 Rxb5 25. Nd3 Rfb8 26. Re2 Nd6 27. Ra2 Nc4 28. Qc1 Qb6 29. Nc5 Qc6 30. b3 Nd6 31. Qf4 Ne4 32. Rxa5 Nxc5 33. dxc5 Rxb3 34. Ra7 R3b7 35. Ra5 Rb5 36. Ra7 R5b7 37. Ra5 Qc7 38. Qxc7 Rxc7 39. c4 dxc4 40. Rc2 Rb4 41. Kf1 Kh7 42. Ke2 Kg6 43. Kd2 Kf5 44. Kc3 Rb8 45. Kxc4 Rbc8 46. Rd2 e5 47. Rd5 f6 48. Ra3 h5 49. h4 Rb8 50. Rf3+ Ke6 51. Rd6+ Ke7 52. Kd5 Rb5 53. Rc3 Ra5 54. Rc4 Rb5 55. f4 exf4 56. Re6+ Kf7 57. Ra6 g5 58. hxg5 fxg5 59. Rh6 Kg7 60. Rxh5 Kg6 61. Rh8 Rd7+ 62. Kc6 Rbb7 63. Rc8 Kf5 64. Rc2 Kg4 65. Re2 Kg3 66. Re5 g4 67. Rg5 Rg7 68. Rf5 Rbf7 69. Rxf7 Rxf7 70. Rg8 f3 71. gxf3 Kxf3 72. Kb6 g3 73. c6 g2 74. c7 Rxc7 75. Kxc7 Kf2 76. Rf8+ Kg1 77. Re8 Kh2 78. Rh8+ Kg3 79. Kd6 g1=Q 80. Rg8+ Kf2 81. Rxg1 Kxg1 1/2-1/2


[Site "https://www.chess.com"]

[Event "Titled Tuesday Blitz March 07 Late 2023"]
[White "Burg, Twan"]
[Black "Bortnyk, Mykola"]
[WhiteFideId "1010697"]
[BlackFideId "14120836"]
[WhiteElo "2422"]
[BlackElo "2582"]
[Result "0-1"]
[Round "04"]
[TimeControl "180+2"]
[Date "2023.03.07"]
[WhiteClock "0:00:02"]
[BlackClock "0:01:34"]

1. e4 Nf6 2. e5 Nd5 3. d4 d6 4. c4 Nb6 5. f4 dxe5 6. fxe5 Nc6 7. Be3 Bf5 8. Nc3 e6 9. Nf3 Qd7 10. Be2 O-O-O 11. c5 Nd5 12. Nxd5 Qxd5 13. O-O f6 14. exf6 gxf6 15. b4 Nxb4 16. Rc1 Rg8 17. Qa4 Qxa2 18. Qxa2 Nxa2 19. Rc4 b5 20. cxb6 axb6 21. Bf4 c5 22. Ra4 Nc3 23. Ra8+ Kb7 24. Rxd8 Nxe2+ 25. Kh1 Nxf4 26. dxc5 bxc5 0-1


[Site "https://www.chess.com"]

[Event "Titled Tuesday Blitz March 07 Late 2023"]
[White "Deac, Bogdan-Daniel"]
[Black "Pakleza, Zbigniew"]
[WhiteFideId "1226380"]
[BlackFideId "1119290"]
[WhiteElo "2649"]
[BlackElo "2410"]
[Result "0-1"]
[Round "04"]
[TimeControl "180+2"]
[Date "2023.03.07"]
[WhiteClock "0:00:04"]
[BlackClock "0:00:05"]

1. c4 c6 2. Nf3 d5 3. e3 Nf6 4. Nc3 Bg4 5. d4 e6 6. h3 Bh5 7. g4 Bg6 8. Ne5 Nfd7 9. Nxg6 hxg6 10. Qb3 Qb6 11. Bd2 Nf6 12. g5 Nh5 13. Bg2 Nd7 14. h4 Be7 15. Rc1 Qxb3 16. axb3 f6 17. cxd5 exd5 18. e4 dxe4 19. Bxe4 Kf7 20. Rg1 f5 21. Bf3 Bd6 22. Ne2 Nb6 23. Kf1 Rad8 24. Kg2 Bc7 25. Rc5 Bd6 26. Ra5 a6 27. Rd1 Bc7 28. Rc1 Bb8 29. Rac5 Rd7 30. Kf1 Ba7 31. Ra5 Bb8 32. b4 Bd6 33. d5 Nxd5 34. Bxd5+ cxd5 35. Rxd5 Rhd8 36. b5 Be7 37. Rxd7 Rxd7 38. Be3 axb5 39. Nc3 b4 40. Ne2 Rd5 41. Rc7 Ke6 42. Nd4+ Kd6 43. Rxb7 Rc5 44. Nb5+ Kc6 45. Bxc5 Bxc5 46. Rb8 Nf4 47. f3 Nd3 48. Rg8 Kxb5 49. Rxg7 Nxb2 50. Rxg6 Nc4 51. Ke2 b3 52. Kd3 b2 53. Kc2 Bd4 54. Rg8 Na3+ 55. Kd2 b1=Q 56. Rb8+ Bb6 0-1


[Site "https://www.chess.com"]

[Event "Titled Tuesday Blitz March 07 Late 2023"]
[White "Kosakowski, Jakub"]
[Black "Lenderman, Aleksandr"]
[WhiteFideId "1185080"]
[BlackFideId "2021285"]
[WhiteElo "2488"]
[BlackElo "2607"]
[Result "1-0"]
[Round "04"]
[TimeControl "180+2"]
[Date "2023.03.07"]
[WhiteClock "0:00:18"]
[BlackClock "0:00:15"]

1. e4 e5 2. Nf3 Nf6 3. Nc3 Nc6 4. a4 Bb4 5. Bd3 Bxc3 6. dxc3 h6 7. O-O d6 8. Nd2 O-O 9. Nc4 Re8 10. b4 Ne7 11. f4 exf4 12. Bxf4 Ng6 13. Qf3 Bg4 14. Qg3 Be6 15. Be3 Ng4 16. Bd4 Qh4 17. Qxh4 Nxh4 18. h3 Ne5 19. Nxe5 dxe5 20. Bxe5 Bxh3 21. Bxc7 Be6 22. a5 Ng6 23. a6 b6 24. Bd6 Rac8 25. Ra3 Bc4 26. Rf5 f6 27. Bg3 Red8 28. Bxc4+ Rxc4 29. Rd5 Rxd5 30. exd5 Kf7 31. Kf2 Ne7 32. d6 Nf5 33. d7 Ke7 34. Bb8 Kxd7 35. Bxa7 Kc7 36. Bxb6+ Kb8 37. a7+ Ka8 38. Bc5 Re4 39. b5 Re8 40. Ra6 Rc8 41. Rc6 Rd8 42. Rc7 Nd6 43. b6 Ne4+ 44. Ke3 Nxc5 45. Rxc5 Kb7 46. Ra5 Ra8 47. Rb5 f5 48. c4 Re8+ 49. Kd4 f4 50. c5 Rd8+ 51. Kc4 Rc8 52. Ra5 g5 53. Kb5 Rf8 54. c6+ Ka8 55. b7# 1-0


[Site "https://www.chess.com"]

[Event "Titled Tuesday Blitz March 07 Late 2023"]
[White "Real_OceanStorm"]
[Black "Yoo, Christopher Woojin"]
[BlackFideId "30909694"]
[WhiteElo "2789"]
[BlackElo "2519"]
[Result "0-1"]
[Round "04"]
[TimeControl "180+2"]
[Date "2023.03.07"]
[WhiteClock "0:00:03"]
[BlackClock "0:00:05"]

1. e4 c6 2. d4 d5 3. e5 Bf5 4. Be2 e6 5. Nf3 Ne7 6. h3 Nd7 7. O-O c5 8. dxc5 Nc6 9. c3 Bxc5 10. b4 Bb6 11. Bg5 Qb8 12. Bf4 O-O 13. Nd4 Bxb1 14. Rxb1 Ncxe5 15. a4 Qd8 16. a5 Bc7 17. Nb5 Bb8 18. Be3 a6 19. Nd4 Ba7 20. Rc1 Nf6 21. Qc2 Qe7 22. Rcd1 Rfc8 23. Bg5 h6 24. Bxf6 Qxf6 25. Qd2 Nc4 26. Bxc4 Rxc4 27. Ne2 Rac8 28. Qd3 Qe5 29. Kh1 Re4 30. Rde1 Bb8 31. g3 h5 32. b5 axb5 33. Qxb5 Qc7 34. h4 Rxh4+ 35. Kg2 Rc4 36. Qb1 h4 37. Rh1 g6 38. gxh4 Rg4+ 39. Kf1 Qc4 40. h5 Rh4 41. Rxh4 Qxh4 42. Ng1 Qc4+ 43. Ne2 gxh5 44. Qxb7 Be5 45. a6 Rb8 46. Qe7 Qg4 47. a7 Qh3+ 48. Kg1 Bh2+ 0-1


[Site "https://www.chess.com"]

[Event "Titled Tuesday Blitz March 07 Late 2023"]
[White "Fier, Alexandr"]
[Black "Durarbayli, Vasif"]
[WhiteFideId "2107139"]
[BlackFideId "13402935"]
[WhiteElo "2610"]
[BlackElo "2543"]
[Result "1/2-1/2"]
[Round "04"]
[TimeControl "180+2"]
[Date "2023.03.07"]
[WhiteClock "0:00:14"]
[BlackClock "0:00:09"]

1. c4 c5 2. Nf3 Nf6 3. d4 cxd4 4. Nxd4 b6 5. Nc3 Bb7 6. f3 e6 7. e4 d6 8. Be2 a6 9. Be3 Qc7 10. O-O Be7 11. Qd2 O-O 12. a3 Nbd7 13. b4 Rac8 14. Rac1 Qb8 15. Rfd1 Rfe8 16. Bf1 Bd8 17. Nb3 Bc7 18. Kh1 d5 19. cxd5 exd5 20. Nxd5 Nxd5 21. exd5 Bxh2 22. Rxc8 Bxc8 23. Nd4 Qe5 24. Nc6 Qxe3 25. Qxe3 Rxe3 26. Kxh2 Kf8 27. a4 Nf6 28. a5 bxa5 29. bxa5 Rc3 30. Nb8 Rc5 31. d6 Nd7 32. Nxd7+ Bxd7 33. Rb1 g6 34. Rb7 Be6 35. Bxa6 Rxa5 36. Bb5 Ra8 37. Kg3 Rd8 38. Rb6 g5 39. f4 h6 40. Kf3 Kg7 41. Ke4 Kf6 42. g3 h5 43. fxg5+ Kxg5 44. Be2 Kf6 45. Kf4 Ra8 46. Bxh5 Ra4+ 47. Ke3 Ke5 48. Be2 Rd4 49. Rb5+ Rd5 50. Rb7 Rxd6 51. Bh5 Kf6 52. Bf3 Ra6 53. Rb4 Ra3+ 54. Kf2 Ra5 55. Rf4+ Rf5 56. Ke3 Ke5 57. Rxf5+ Kxf5 58. Kf2 Kg5 59. Ke3 Bg4 60. Be4 f5 61. Bg2 Bh5 62. Kf2 Bg4 63. Ke3 Bh5 64. Kf2 Bg4 65. Ke3 1/2-1/2


[Site "https://www.chess.com"]

[Event "Titled Tuesday Blitz March 07 Late 2023"]
[White "Paravyan, David"]
[Black "Albornoz Cabrera, Carlos Daniel"]
[WhiteFideId "4194985"]
[BlackFideId "3518736"]
[WhiteElo "2577"]
[BlackElo "2501"]
[Result "0-1"]
[Round "04"]
[TimeControl "180+2"]
[Date "2023.03.07"]
[WhiteClock "0:00:22"]
[BlackClock "0:00:52"]

1. e4 c5 2. Nf3 Nc6 3. Nc3 e5 4. Bc4 Be7 5. d3 d6 6. a4 Nf6 7. Bg5 Be6 8. Bxf6 Bxf6 9. Nd5 O-O 10. c3 g6 11. h4 Bg4 12. Qd2 Bg7 13. Qg5 h5 14. Qxd8 Raxd8 15. Ng5 Bh6 16. f3 Bc8 17. Ke2 Kg7 18. Nh3 Be6 19. a5 Rd7 20. a6 Ne7 21. Bb5 Nc6 22. axb7 Rxb7 23. Bxc6 Rxb2+ 24. Kf1 Rfb8 25. Kg1 Rd2 26. Ng5 Rbb2 0-1


[Site "https://www.chess.com"]

[Event "Titled Tuesday Blitz March 07 Late 2023"]
[White "Pulpan, Jakub"]
[Black "Bluebaum, Matthias"]
[WhiteFideId "302759"]
[BlackFideId "24651516"]
[WhiteElo "2484"]
[BlackElo "2638"]
[Result "1/2-1/2"]
[Round "04"]
[TimeControl "180+2"]
[Date "2023.03.07"]
[WhiteClock "0:02:26"]
[BlackClock "0:01:31"]

1. Nf3 d5 2. b3 c5 3. e3 a6 4. Bb2 Nc6 5. Be2 Bg4 6. Ne5 Bxe2 7. Qxe2 Nxe5 8. Bxe5 e6 9. d3 Nf6 10. Nd2 Bd6 11. Bg3 O-O 12. O-O b5 13. a4 Qe7 14. e4 Bxg3 15. hxg3 d4 16. Ra2 Qb7 17. Rfa1 Nd7 18. Qh5 g6 19. Qg5 f6 20. Qg4 Kf7 21. Qh4 Kg7 22. Qg4 Kf7 23. Qh4 Kg7 24. Qg4 Kf7 1/2-1/2


[Site "https://www.chess.com"]

[Event "Titled Tuesday Blitz March 07 Late 2023"]
[White "Preotu, Razvan"]
[Black "Sjugirov, Sanan"]
[WhiteFideId "2613280"]
[BlackFideId "4189302"]
[WhiteElo "2407"]
[BlackElo "2569"]
[Result "0-1"]
[Round "04"]
[TimeControl "180+2"]
[Date "2023.03.07"]
[WhiteClock "0:00:02"]
[BlackClock "0:00:06"]

1. e4 c5 2. Nf3 Nc6 3. Bb5 e6 4. O-O Nge7 5. Re1 a6 6. Bf1 d5 7. exd5 Nxd5 8. d4 Be7 9. c4 Nf6 10. Be3 cxd4 11. Nxd4 Bd7 12. Nc3 O-O 13. Nf3 Qc7 14. h3 h6 15. a3 Rfd8 16. b4 e5 17. Nd5 Nxd5 18. cxd5 Be6 19. dxe6 Rxd1 20. exf7+ Kxf7 21. Bc4+ Kf8 22. Raxd1 Rd8 23. Rc1 Qd6 24. Nd2 Qg6 25. Nf3 e4 26. Nh2 Ne5 27. Bf4 Nd3 28. Bxd3 exd3 29. Nf3 Bf6 30. Rc7 Qf5 31. Bd2 Qd5 32. Re3 Kg8 33. Ne1 Qa2 34. Nf3 Qd5 35. Ne1 Qb5 36. Rg3 Kh8 37. Rf7 Qd5 38. Rxf6 gxf6 39. Rxd3 Qxd3 40. Nxd3 Rxd3 41. Bxh6 Rxa3 42. Bf4 Rb3 43. Bd6 b6 44. Kf1 a5 45. bxa5 bxa5 46. Ke2 a4 47. Kd2 a3 48. Kc2 a2 49. Kxb3 a1=Q 0-1


[Site "https://www.chess.com"]

[Event "Titled Tuesday Blitz March 07 Late 2023"]
[White "Kamsky, Gata"]
[Black "Ozer, Omer Faruk"]
[WhiteFideId "2000024"]
[BlackFideId "6354564"]
[WhiteElo "2666"]
[BlackElo "2260"]
[Result "1-0"]
[Round "04"]
[TimeControl "180+2"]
[Date "2023.03.07"]
[WhiteClock "0:00:14"]
[BlackClock "0:00:02"]

1. e4 c5 2. Nf3 Nc6 3. d4 cxd4 4. Nxd4 Nf6 5. Nc3 e6 6. Ndb5 Bb4 7. a3 Bxc3+ 8. Nxc3 d5 9. exd5 exd5 10. Bd3 O-O 11. O-O d4 12. Ne2 Bg4 13. Bg5 Re8 14. f3 Bh5 15. Kh1 h6 16. Bh4 Qd6 17. c4 Rad8 18. Qd2 Ne5 19. Rad1 Qc6 20. b3 Nxd3 21. Qxd3 Bg6 22. Qd2 d3 23. Nf4 Bh7 24. Nd5 Nxd5 25. Bxd8 Ne3 26. Bh4 Nxf1 27. Rxf1 Re2 28. Qc3 Bf5 29. Bg3 Qg6 30. Re1 d2 31. Rd1 Qe6 32. Kg1 Bh3 33. Rxd2 Re1+ 34. Kf2 Rb1 35. Re2 Qf5 36. gxh3 Qxh3 37. Re1 Rxe1 38. Qxe1 Qf5 39. Qe8+ 1-0


[Site "https://www.chess.com"]

[Event "Titled Tuesday Blitz March 07 Late 2023"]
[White "Vazquez, Guillermo"]
[Black "Saveliev, Alexei"]
[WhiteFideId "3702308"]
[BlackFideId "24128546"]
[WhiteElo "2543"]
[BlackElo "2271"]
[Result "1-0"]
[Round "04"]
[TimeControl "180+2"]
[Date "2023.03.07"]
[WhiteClock "0:00:34"]
[BlackClock "0:00:02"]

1. b3 g6 2. Bb2 Nf6 3. Nf3 Bg7 4. g3 O-O 5. Bg2 c5 6. c4 Nc6 7. O-O d6 8. d4 cxd4 9. Nxd4 Bd7 10. Nc3 Qa5 11. Nc2 Rfc8 12. Qd2 a6 13. Rfd1 h5 14. h3 Kh7 15. Rac1 Rab8 16. e4 b5 17. Ne3 bxc4 18. Nxc4 Qb4 19. Ba3 Qb7 20. Bxd6 exd6 21. Nxd6 Qa7 22. Nxc8 Rxc8 23. Qd6 Be6 24. Nd5 Bxd5 25. exd5 Ne7 26. Rxc8 Nxc8 27. Qc6 Ne7 28. Qc4 Nf5 29. d6 Bf8 30. d7 Nxd7 31. Qxf7+ Kh6 32. Rxd7 Qc5 33. Be4 Qc1+ 34. Kg2 Ne3+ 35. fxe3 Qb2+ 36. Qf2 1-0


[Site "https://www.chess.com"]

[Event "Titled Tuesday Blitz March 07 Late 2023"]
[White "Czernek, Tymon"]
[Black "Keymer, Vincent"]
[WhiteFideId "1199510"]
[BlackFideId "12940690"]
[WhiteElo "2156"]
[BlackElo "2651"]
[Result "0-1"]
[Round "04"]
[TimeControl "180+2"]
[Date "2023.03.07"]
[WhiteClock "0:00:12"]
[BlackClock "0:00:07"]

1. e4 c6 2. d4 d5 3. f3 dxe4 4. fxe4 e5 5. Nf3 Bg4 6. c3 Nd7 7. Bc4 Bd6 8. O-O Ngf6 9. Bg5 h6 10. Bxf6 Nxf6 11. Nbd2 O-O 12. Qc2 Qe7 13. Rae1 Rad8 14. h3 Bc8 15. Rd1 Nh5 16. d5 Nf4 17. Rfe1 cxd5 18. exd5 f5 19. Nf1 e4 20. Nd4 Qg5 21. Kh1 Kh8 22. Ne6 Bxe6 23. dxe6 Qe7 24. Qb3 Bc5 25. Rxd8 Rxd8 26. Rd1 Re8 27. Kh2 Nxe6 28. Bxe6 Qxe6 29. Qxe6 Rxe6 30. Kg3 g6 31. Kf4 Kg7 32. g4 Kf6 33. gxf5 gxf5 34. Rd5 Bd6+ 35. Ke3 Be5 36. Nd2 Rd6 37. Rxd6+ Bxd6 38. Nxe4+ fxe4 39. Kxe4 Kg5 40. Kd5 Bf4 41. c4 Kh4 42. Ke6 Kxh3 43. Kd7 h5 44. Kc8 b6 45. Kb7 h4 46. b4 Kg2 47. c5 bxc5 48. bxc5 h3 49. c6 h2 50. Kxa7 h1=Q 51. c7 Bxc7 0-1


[Site "https://www.chess.com"]

[Event "Titled Tuesday Blitz March 07 Late 2023"]
[White "Ibarra Jerez, Jose Carlos"]
[Black "Gerbelli Neto, Eduardo"]
[WhiteFideId "2226332"]
[BlackFideId "2103281"]
[WhiteElo "2638"]
[BlackElo "2178"]
[Result "1-0"]
[Round "04"]
[TimeControl "180+2"]
[Date "2023.03.07"]
[WhiteClock "0:00:59"]
[BlackClock "0:00:08"]

1. e4 e5 2. Nf3 Nc6 3. Nc3 Nf6 4. h3 d5 5. exd5 Nxd5 6. Bb5 Nxc3 7. bxc3 Qd5 8. Qe2 Bd6 9. d4 O-O 10. c4 Qe6 11. d5 Qe8 12. dxc6 bxc6 13. Ba4 e4 14. Nd2 Bf5 15. Bb2 Rb8 16. Bb3 a5 17. a4 Bg6 18. O-O c5 19. Rae1 f5 20. f4 Bh5 21. Qe3 Qf7 22. Ba3 Qe7 23. Nf3 h6 24. Ne5 Rb6 25. g4 fxg4 26. hxg4 Be8 27. Qxe4 g5 28. f5 Qf6 29. Bb2 1-0


[Site "https://www.chess.com"]

[Event "Titled Tuesday Blitz March 07 Late 2023"]
[White "Andreikin, Dmitry"]
[Black "Ismagilov, Damir"]
[WhiteFideId "4158814"]
[BlackFideId "34199982"]
[WhiteElo "2736"]
[BlackElo "2078"]
[Result "1-0"]
[Round "04"]
[TimeControl "180+2"]
[Date "2023.03.07"]
[WhiteClock "0:02:09"]
[BlackClock "0:01:11"]

1. Nf3 d5 2. d4 Nf6 3. c4 e6 4. Bg5 h6 5. Bxf6 Qxf6 6. e3 c6 7. Bd3 Nd7 8. O-O Bd6 9. Nbd2 O-O 10. e4 dxe4 11. Nxe4 Qe7 12. Nxd6 Qxd6 13. c5 Qe7 14. b4 Nf6 15. Ne5 Rd8 16. Bc2 Bd7 17. Qd3 Be8 18. a3 g6 19. Rae1 Kg7 20. f4 a5 21. f5 exf5 22. Nxg6 Qd7 23. Ne7 1-0


[Site "https://www.chess.com"]

[Event "Titled Tuesday Blitz March 07 Late 2023"]
[White "Kramnik, Vladimir"]
[Black "Golubka, Petro"]
[WhiteFideId "4101588"]
[BlackFideId "14114224"]
[WhiteElo "2712"]
[BlackElo "2391"]
[Result "1-0"]
[Round "04"]
[TimeControl "180+2"]
[Date "2023.03.07"]
[WhiteClock "0:00:21"]
[BlackClock "0:00:10"]

1. d4 Nf6 2. Nf3 e6 3. e3 g6 4. c4 Bg7 5. Nc3 d5 6. Be2 O-O 7. O-O b6 8. b4 dxc4 9. Bxc4 Bb7 10. Bb2 a6 11. Qe2 Nc6 12. a3 Nd5 13. Rac1 Nce7 14. Rfd1 Re8 15. h3 Nxc3 16. Bxc3 Nd5 17. Bb2 c6 18. Ne5 Qd6 19. Bd3 b5 20. Be4 a5 21. bxa5 Rxa5 22. Nd3 Ra7 23. Bf3 Nb6 24. Ne5 Rc8 25. h4 Na4 26. Ba1 Nb6 27. h5 Rxa3 28. e4 Rca8 29. Ng4 Qf4 30. h6 Bxh6 31. d5 Bg7 32. Bxg7 Kxg7 33. dxc6 Bc8 34. Qb2+ f6 35. e5 f5 36. Ne3 b4 37. c7 R8a7 38. Qd2 Nd7 39. Qd6 Rxe3 40. Qe7+ Kh6 41. fxe3 Qxe3+ 42. Kh1 Qxe5 43. Rxd7 Bxd7 44. Qxd7 b3 45. c8=Q Rxd7 46. Qxd7 b2 47. Rb1 1-0


[Site "https://www.chess.com"]

[Event "Titled Tuesday Blitz March 07 Late 2023"]
[White "Derige Kane, Yan"]
[Black "Indjic, Aleksandar"]
[WhiteFideId "20665431"]
[BlackFideId "911925"]
[WhiteElo "2149"]
[BlackElo "2614"]
[Result "0-1"]
[Round "04"]
[TimeControl "180+2"]
[Date "2023.03.07"]
[WhiteClock "0:00:02"]
[BlackClock "0:01:19"]

1. d4 Nf6 2. c4 e6 3. Nf3 c5 4. d5 d6 5. Nc3 exd5 6. cxd5 g6 7. e4 a6 8. a4 Bg4 9. h3 Bxf3 10. Qxf3 Nbd7 11. Qd1 Bg7 12. Be2 O-O 13. O-O Re8 14. f3 Rc8 15. Bf4 Nh5 16. Be3 g5 17. Qd2 h6 18. f4 Nxf4 19. Bxf4 gxf4 20. Rxf4 Ne5 21. Raf1 Rc7 22. Rf5 Qh4 23. R1f4 Qe7 24. Bh5 Rf8 25. Ne2 b5 26. axb5 axb5 27. Ng3 Ra7 28. Kh2 c4 29. Be2 Ra2 30. Nh5 Rxb2 31. Qe1 b4 32. Qg3 Ng6 0-1


[Site "https://www.chess.com"]

[Event "Titled Tuesday Blitz March 07 Late 2023"]
[White "Timmermans, Mark"]
[Black "Oganian, Miran"]
[WhiteFideId "1026399"]
[BlackFideId "4122488"]
[WhiteElo "2460"]
[BlackElo "2323"]
[Result "1-0"]
[Round "04"]
[TimeControl "180+2"]
[Date "2023.03.07"]
[WhiteClock "0:00:19"]
[BlackClock "0:00:03"]

1. e4 e6 2. d4 d5 3. Nd2 Nf6 4. e5 Nfd7 5. f4 c5 6. c3 Nc6 7. Ndf3 Qb6 8. g3 Be7 9. Bh3 cxd4 10. cxd4 f6 11. Ne2 fxe5 12. fxe5 O-O 13. Nf4 Kh8 14. Qd3 Nb4 15. Qe2 g5 16. a3 gxf4 17. axb4 Bxb4+ 18. Kf1 fxg3 19. hxg3 Qxd4 20. Kg2 Qe4 21. Qxe4 dxe4 22. Ng5 Nxe5 23. Be3 Be7 24. Nxe6 Bxe6 25. Bxe6 a6 26. Rh5 Nf3 27. Rah1 Kg7 28. Rxh7+ Kf6 29. R1h6+ Ke5 30. Bf4+ Kd4 31. Rxe7 Ne1+ 32. Kf1 Nd3 33. Ke2 Rad8 34. Be3+ Ke5 35. Bc8+ Kd5 36. Bxb7+ Kc4 37. Rc7+ Kb3 38. Bxe4 Nb4 39. Rb6 a5 40. Ra7 Rfe8 41. Bg6 Re5 42. Kf3 Rd1 43. Bf4 Rc5 44. Rd6 Rf1+ 45. Kg2 Re1 46. Rd2 1-0


[Site "https://www.chess.com"]